 Dungeon Crawl Stone Soup version 0.21-a0-632-g1e37ce5 (webtiles) character file.

102 shenanigans the Skirmisher (level 4, -3/36 HPs)
             Began as a Barachi Skald on Dec 27, 2017.
             Slain by an iguana (9 damage)
             ... on level 4 of the Dungeon.
             The game lasted 00:06:33 (2342 turns).

shenanigans the Skirmisher (Barachi Skald)          Turns: 2342, Time: 00:06:34

Health: -3/36      AC:  8    Str: 13    XL:     4   Next: 78%
Magic:  7/7        EV:  6    Int: 14    God:
Gold:   129        SH:  0    Dex: 11    Spells: 6/7 levels left

rFire    . . .     SeeInvis .   r - +2 hand axe (elec)
rCold    . . .     Gourm    .   (no shield)
rNeg     . . .     Faith    .   s - +0 chain mail
rPois    .         Spirit   .   (no helmet)
rElec    .         Reflect  .   (no cloak)
rCorr    .         Harm     .   (no gloves)
MR       .....                  (no boots)
Stlth    ..........             (no amulet)
HPRegen  0.12/turn              o - ring of flight
MPRegen  0.10/turn              (no ring)

@: lethally poisoned (-3 -> -18), drained, slow
A: +LOS, swims, slowness 1, strong legs 1
a: Hop, Evoke Flight


You were on level 4 of the Dungeon.
You were not hungry.

You visited 1 branch of the dungeon, and saw 4 of its levels.

You collected 129 gold pieces.

Inventory:

Hand Weapons
 a - a +0 hand axe
 f - a +0 whip of draining
 r - a +2 hand axe of electrocution (weapon)
Armour
 b - a +0 leather armour
 g - a +0 ring mail
 s - a +0 chain mail (worn)
Jewellery
 o - a ring of flight (left hand)
 t - a +3 amulet of reflection {unknown}
Wands
 u - a wand of iceblast (5)
Scrolls
 e - 2 scrolls of identify {unknown}
 i - 2 scrolls of amnesia {unknown}
 j - 2 scrolls of magic mapping {unknown}
 k - 2 scrolls of blinking {unknown}
 l - a scroll of noise {unknown}
 q - a scroll of remove curse {unknown}
Potions
 h - 2 potions of curing
 n - 2 potions of cancellation {unknown}
 p - a potion of heal wounds {unknown}
Books
 c - a book of Battle

   Spells                             Type                      Level
   a - Infusion                       Charms                       1
   b - Shroud of Golubria             Charms/Translocation         2
   c - Song of Slaying                Charms                       2
   d - Spectral Weapon                Hexes/Charms                 3
   e - Regeneration                   Charms/Necromancy            3
 m - a book of Cantrips

   Spells                             Type                      Level
   a - Confusing Touch                Hexes                        1
   b - Animate Skeleton               Necromancy                   1
   c - Summon Small Mammal            Summoning                    1
   d - Apportation                    Translocation                1
Comestibles
 d - 12 rations


   Skills:
 + Level 3.6 Fighting
 + Level 3.2 Axes
 + Level 2.7 Armour
 + Level 3.2(3.1) Dodging
 - Level 2.1 Spellcasting
 - Level 3.2 Charms


You had 6 spell levels left.
You knew the following spells:

 Your Spells              Type           Power        Failure   Level  Hunger
a - Infusion              Chrm           ##..         88%         1    #......


Dungeon Overview and Level Annotations

Branches:
Dungeon (4/15)
 Temple: D:4-7

Altars:

Annotations:
D:3 shenanigans's ghost, amateur BaWr


Innate Abilities, Weirdness & Mutations

Shadows flee at your approach. (+LOS)
You can swim through water.
You cover ground slowly.
You can hop short distances.


Message History

The iguana is heavily wounded.
You feel sick.
The iguana bites you but does no damage.
You hit the iguana but do no damage.
The iguana is heavily wounded.
* * * LOW HITPOINT WARNING * * *
You feel sick.
The iguana bites you but does no damage.
Unknown command.
You hit the iguana but do no damage.
The iguana is heavily wounded.
* * * LOW HITPOINT WARNING * * *
You feel sick. The iguana barely misses you.
You hit the iguana.
The iguana is heavily wounded.
* * * LOW HITPOINT WARNING * * *
You feel sick.
The iguana bites you but does no damage.
The iguana bites you!
You die...

######..
.........#
.......).##
...........
.........>#
..........#
..........#
..........#####
..........sl@.#
...$....<.###.#
....%.....# .#
########### .#
.# .# .# .# .#


You could see an iguana and a giant cockroach.

Vanquished Creatures
  2 adders (D:2)
  A worm (D:3)
  2 dart slugs
  2 leopard geckos (D:1)
  6 orcs (D:3)
  6 bats
  7 giant cockroaches
  8 goblins
  4 hobgoblins
  2 quokkas
  A ball python (D:1)
  5 frilled lizards
  11 kobolds
  11 rats
68 creatures vanquished.

Notes
Turn   | Place    | Note
-------+----------+-------------------------------------------
     0 | D:1      | shenanigans the Barachi Skald began the quest for the Orb.
     0 | D:1      | Reached XP level 1. HP: 17/17 MP: 3/3
   228 | D:1      | Reached XP level 2. HP: 19/23 MP: 5/5
   703 | D:1      | Reached XP level 3. HP: 25/29 MP: 6/6
  1124 | D:2      | Reached XP level 4. HP: 14/35 MP: 2/7
  1131 | D:2      | HP: 1/35 [poisoned by an adder]
  2014 | D:3      | Noticed shenanigans's ghost (amateur BaWr)
  2342 | D:4      | Slain by an iguana

Vault maps used:
D:1:      ncdulo_lavacross, minmay_close_crescents
D:2:      first_ration
D:3:      hex_tiny, serial_park_tiny_2, roderic_nine_men_s_morris, minivault_24
D:4:      minmay_temple_entry_enclosed_plants, kennysheep_generic_room_8,
          uniq_edmund

Skill      XL: |  1  2  3  4 |
---------------+-------------+-----
Armour         | 2 |  2.7
Fighting       | 3 |  3.6
Axes           | 3 |  3.2
Dodging        | 3 |  3.2
Spellcasting   | |  2.1
Charms         | |  3.2

Action                   |  1- 3 |  4- 6 || total
-------------------------+-------+-------++-------
Melee: Hand axe          |   136 |   113 ||   249
       Whip              |       |     3 ||     3
 Cast: Infusion          |     2 |     8 ||    10
 Abil: Hop               |       |     2 ||     2
  Use: Potion            |       |     4 ||     4
  Eat: Chunk             |     1 |     5 ||     6
Armor: Leather armour    |    11 |       ||    11
       Ring mail         |    42 |    40 ||    82
       Chain mail        |       |     6 ||     6
Dodge: Dodged            |   107 |    75 ||   182

Table legend:
 A = Spawn XP
 B = Non-spawn XP
 C = Spawn XP percentage of total XP
 D = Spawn monster count
 E = Non-spawn monster count
 F = Spawn count percentage of total count
 G = Total turns spent on level
                    A         B        C        D         E        F      G
               +---------+---------+-------+---------+---------+-------+---------
         Total |       0 |     147 |   0.0 |       0 |      68 |   0.0 |  2342
               +---------+---------+-------+---------+---------+-------+---------
           D:1 |       0 |      38 |   0.0 |       0 |      23 |   0.0 |   891
           D:2 |       0 |      51 |   0.0 |       0 |      18 |   0.0 |   997
           D:3 |       0 |      58 |   0.0 |       0 |      27 |   0.0 |   445
               +---------+---------+-------+---------+---------+-------+---------
